 Dungeon Crawl Stone Soup version 0.24.0-37-gcf1ca852f1 (webtiles) character file.

Game seed: 15769187936947312134, levelgen mode: deterministic

67 PentaManta the Skirmisher (level 4, 29/29 HPs)
             Began as a Gargoyle Monk on Dec 6, 2019.
             Got out of the dungeon alive.
             The game lasted 00:02:19 (1508 turns).

PentaManta the Skirmisher (Gargoyle Monk)           Turns: 1508, Time: 00:02:19

Health: 29/29      AC:  6    Str: 16    XL:     4   Next: 16%
Magic:  4/4        EV: 13    Int: 10    God:
Gold:   75         SH:  0    Dex: 12    Spells: 3/3 levels left

rFire    . . .     SeeInvis .   g - +0 dagger
rCold    . . .     Gourm    .   (no shield)
rNeg     + . .     Faith    .   b - +0 robe
rPois    ∞         Spirit   .   e - +0 helmet
rElec    +         Reflect  .   (no cloak)
rCorr    .         Harm     .   (no gloves)
MR       .....                  (no boots)
Stlth    ++........             (no amulet)
HPRegen  0.09/turn              (no ring)
MPRegen  0.09/turn              (no ring)

@: no status effects
A: negative energy resistance 1, electricity resistance, unbreathing,
petrification resistance, rot immunity, AC +3
a: no special abilities


You escaped.
You were very hungry.

You visited 1 branch of the dungeon, and saw 2 of its levels.

You collected 75 gold pieces.

Inventory:

Hand Weapons
 a - a +0 mace
 g - a +0 dagger (weapon)
 s - a cursed -1 dagger
Armour
 b - a +0 robe (worn)
 e - a +0 helmet (worn)
 j - a +0 plate armour
Jewellery
 p - an uncursed ring of protection from magic {unknown}
Scrolls
 d - a scroll of enchant armour {unknown}
 h - a scroll of blinking {unknown}
 k - a scroll of teleportation {unknown}
 n - a scroll of enchant weapon {unknown}
 o - 2 scrolls of fog {unknown}
 q - a scroll of remove curse {unknown}
Potions
 f - a potion of heal wounds {unknown}
 i - a potion of resistance {unknown}
 l - 3 potions of degeneration {unknown}
 m - 2 potions of ambrosia {unknown}
 r - a potion of curing {unknown}
Comestibles
 c - 7 rations


   Skills:
 + Level 3.8 Fighting
 + Level 3.4 Maces & Flails
 + Level 1.5 Armour
 + Level 2.8 Dodging
 + Level 3.0 Stealth


You had 3 spell levels left.
You didn't know any spells.
Your spell library was empty.

Dungeon Overview and Level Annotations

Branches:
Dungeon (2/15)

Altars:
Fedhas


Innate Abilities, Weirdness & Mutations

You are resistant to torment.
Your stone body is resilient. (AC +3)
You are immune to poison.
You resist negative energy. (rN+)
You are resistant to electric shocks. (rElec)
You can survive without breathing.
You are immune to petrification.
You are immune to rotting.


Message History

You hit the bat.
The bat is severely wounded.
The bat hits you but does no damage. The bat closely misses you.
You hit the bat.
You kill the bat!
No target in view!
No target in view!
You see here a runed dagger.
s - a runed dagger Unknown command.
There is a stone staircase leading up here.
You climb upwards.
There is a stone staircase leading down here.
You are feeling very hungry.
You can't go up here!
You can't go up here!
There is an open door here.
There is a staircase leading out of the dungeon here.
Are you sure you want to leave the Dungeon?
This will make you lose the game!
You have escaped!

.# #.........#......######(...
.### #.........#............(...
.'.####........###......###..#+##
)#.............# #.............#
##............## ##............#
#.##########'#####'##########.#
#...### ##.....## ###...#
#.....### ##.....## ###.....#
#.......####...@...####.......#
#.........##.......##.........##
##.........###.....###..........#
...........# ###'### #......#...#
###.#.....## ##.## ##.....#...#
..#.#.....# ###...### #.....#...#
#.#.#....####.......####....#####
#.#'#....##...........##....#
#.[.....#....###........#...#


There were no monsters in sight!

Vanquished Creatures
  A hound skeleton (D:2)
  3 adders (D:2)
  A worm (D:2)
  An orc (D:2)
  4 bats
  A giant cockroach (D:1)
  A hobgoblin (D:2)
  A frilled lizard (D:1)
  4 goblins
  6 kobolds
  3 rats
26 creatures vanquished.

Notes
Turn   | Place    | Note
-------+----------+-------------------------------------------
     0 | D:1      | PentaManta the Gargoyle Monk began the quest for the Orb.
     0 | D:1      | Reached XP level 1. HP: 14/14 MP: 1/1
   611 | D:1      | Reached XP level 2. HP: 19/19 MP: 2/2
  1065 | D:2      | Reached skill level 1 in Armour
  1065 | D:2      | Reached XP level 3. HP: 18/23 MP: 3/3
  1126 | D:2      | Found a blossoming altar of Fedhas.
  1314 | D:2      | Reached XP level 4. HP: 26/29 MP: 4/4
  1508 | D:$      | Got out of the dungeon alive.

Levels and vault maps discovered:
D:1:      onia_arrival_pentagram, layout_basic
D:2:      layout_basic, nicolae_overflow_crystal_walls,
          chequers_temple_overflow_statue_of_worship, lemuel_round_altar,
          first_ration, grunt_decor_fettered, kennysheep_nondescript,
          grunt_decor_cap, serial_bayou_pond_a, chequers_jeans

Skill      XL: |  1  2  3  4 |
---------------+-------------+-----
Armour         | 1 |  1.5
Stealth        | 3 |  3.0
Fighting       | |  3.8
Maces & Flails | |  3.4
Dodging        | |  2.8

Action                   |  1- 3 |  4- 6 || total
-------------------------+-------+-------++-------
Melee: Dagger            |   132 |    12 ||   144
       Mace              |     7 |       ||     7
       Short sword       |     7 |       ||     7
 Stab: Sleeping          |     5 |       ||     5
  Eat: Chunk             |     1 |       ||     1
Armor: Robe              |    72 |     2 ||    74
Dodge: Dodged            |   120 |     9 ||   129
